 Dungeon Crawl Stone Soup version 0.31-a0-237-g2d982f9f85 (webtiles) character file.

Game seed: 16872201183501242090

403 qw the Shooter (level 6, 0/40 (53) HPs)
             Began as a Minotaur Hexslinger on July 10, 2023.
             Slain by a wight
             ... wielding a +2 falchion
              (1 damage)
             ... on level 5 of the Dungeon.
             The game lasted 00:01:34 (3776 turns).

qw the Shooter (Minotaur Hexslinger)                Turns: 3776, Time: 00:01:34

HP:   0/40 (53)     AC:  5    Str: 12    XL:     6   Next: 55%
MP:   5/5           EV: 10    Int: 14    God:
Gold: 208           SH:  0    Dex: 13    Spells: 6/7 levels left

rFire   + . .        Y - +1 sling
rCold   + . .        (no shield)
rNeg    . . .        d - +0 ring mail
rPois   .            (helmet restricted)
rElec   .            g - scarf {rC+ rF+}
rCorr   .            (no gloves)
SInv    +            (no boots)
Will    +....        k - amulet of regeneration
Stlth   +            f - ring of willpower
HPRegen 1.06/turn    (no ring)
MPRegen 0.09/turn

%: no passive effects
@: heavily drained
A: horns 2, retaliatory headbutt, see invisible, clever 1, low MP 1, noise
suppression
a: no special abilities


You were on level 5 of the Dungeon.
You visited 1 branch of the dungeon, and saw 5 of its levels.

You collected 208 gold pieces.


Innate Abilities, Weirdness & Mutations

You have a pair of horns on your head.
You reflexively headbutt those who attack you in melee.
You have supernaturally acute eyesight. (SInv)
Your mind is acute. (Int +4, Str/Dex -1)
Your magical capacity is low. (-10% MP)
You passively dampen the noise of your surroundings.


   Skills:
 - Level 4.4 Fighting
 + Level 6.4 Ranged Weapons
 - Level 1.2 Armour
 - Level 2.1 Dodging
 - Level 1.0 Spellcasting
 - Level 2.0 Hexes


You had 6 spell levels left.
You knew the following spells:

 Your Spells              Type           Power      Damage    Failure   Level
a - Slow                  Hex            24%        N/A       26%         1

Your spell library contained the following spells:

 Spells                   Type           Power      Damage    Failure   Level
 Inner Flame              Hex/Fire       3%         N/A       75%         3
 Portal Projectile        Hex/Tloc       6%         N/A       75%         3
 Cause Fear               Hex            3%         N/A       95%         4

Inventory:

Hand Weapons
 Y - a +1 sling (weapon)
Armour
 d - a +0 ring mail (worn)
 g - a scarf of resistance (worn)
Jewellery
 f - a ring of willpower (left hand)
 k - an amulet of regeneration (around neck)
Scrolls
 a - a scroll of teleportation
 b - a scroll of enchant weapon {unknown}
Potions
 c - a potion of might {unknown}
 j - a potion of mutation

Dungeon Overview and Level Annotations

Branches:
Dungeon (5/15)
 Temple: D:4-7

Altars:
Dithmenos
Gozag

Shops:
D:1 ?


Message History

a +0 club; an orc corpse 2 wights come into view.
Enter note: You shoot a sling bullet.
The sling bullet closely misses the wight.
The wight hits you with a +0 dagger.
You shoot a sling bullet.
The sling bullet hits the wight but does no damage.
You shoot a sling bullet.
The sling bullet hits the wight but does no damage.
The wight hits you with a +0 dagger.
You feel drained.
You shoot a sling bullet.
The sling bullet barely misses the wight.
The wight hits you with a +2 falchion. The wight barely misses you.
You shoot a sling bullet. The sling bullet hits the wight.
The wight is lightly damaged.
The wight closely misses you. The wight hits you with a +0 dagger.
You feel drained.
You shoot a sling bullet. The sling bullet hits the wight.
The wight is moderately damaged.
The wight barely misses you. The wight hits you with a +0 dagger.
You feel drained. The wight barely misses you.
The wight hits you with a +0 dagger.
You feel drained.
You shoot a sling bullet.
The sling bullet closely misses the wight.
The wight hits you with a +2 falchion.
You feel drained. The wight closely misses you.
You shoot a sling bullet.
The sling bullet hits the wight but does no damage.
The wight is moderately damaged.
The wight hits you with a +2 falchion. The wight hits you but does no damage.
You shoot a sling bullet. The sling bullet hits the wight.
The wight is heavily damaged.
The wight hits you with a +2 falchion.
You feel drained. The wight hits you with a +0 dagger.
The wight barely misses you. The wight hits you with a +0 dagger.
You feel drained.
You shoot a sling bullet. The sling bullet hits the wight.
The wight is severely damaged.
The wight hits you with a +2 falchion!
You feel drained.
You die...

.... ... } ... ..
..### .# #...# }.#
#...#...#. #.zz......
###.. #. ##@#
#......#.#.##..#######
#.#.##.#.#.##.........
#.#.##.#.#.##.#######.
#.....................
#...##.#.#.##.#######.
#...##.#....#.######
#...##.#.............
#...........#########


You could see 2 wights.

Vanquished Creatures
  An ogre (D:3)
  2 orc priests (D:4)
  2 iguanas
  2 orc wizards (D:4)
  4 adders
  2 worms
  13 orcs
  10 endoplasms
  5 giant cockroaches
  10 goblins
  10 hobgoblins
  7 jackals
  A quokka (D:2)
  10 ball pythons
  4 bats
  8 frilled lizards
  6 kobolds
  7 rats
104 creatures vanquished.

Notes
Turn   | Place    | Note
-------+----------+-------------------------------------------
     0 | D:1      | qw the Minotaur Hexslinger began the quest for the Orb.
     0 | D:1      | Reached XP level 1. HP: 16/16 MP: 1/1
     0 | D:1      | 0 ||| qw: Version: 0.3-a-52-g30416fa
     0 | D:1      | 0 ||| qw: Game counter: 5035
     0 | D:1      | 0 ||| qw: Melee chars always use a shield: true
     0 | D:1      | 0 ||| qw: God list: Okawaru
     0 | D:1      | 0 ||| qw: Allow faded altars: false
     0 | D:1      | 0 ||| qw: Do Orc after clearing Dungeon:15 true
     0 | D:1      | 0 ||| qw: Do second Lair branch before Depths: true
     0 | D:1      | 0 ||| qw: Lair rune preference: random
     0 | D:1      | 0 ||| qw: Goals: Normal
     0 | D:1      | 0 ||| PLANNING D:1-11
   122 | D:1      | Found Cakemuv's Magic Scroll Emporium.
   136 | D:1      | Reached skill level 3 in Ranged Weapons
   140 | D:1      | 140 ||| SHOPLISTING scroll of enchant weapon (97 gold, have
                  | 6).
   140 | D:1      | 140 ||| SHOPLISTING scroll of identify (26 gold, have 6).
   152 | D:1      | Reached XP level 2. HP: 20/23 MP: 2/2
   459 | D:1      | You fall into a shaft and drop 1 floor!
   563 | D:2      | 563 ||| UPGRADING to +0 ring mail.
   573 | D:2      | 573 ||| DROPPING +0 robe.
   574 | D:2      | 574 ||| UPGRADING to amulet of regeneration.
   579 | D:2      | 579 ||| UPGRADING to ring of willpower.
   580 | D:2      | 580 ||| READING 2 scrolls labelled NIYHOMAEPS.
   585 | D:2      | 585 ||| READING scroll labelled UDWOUTENEI.
   586 | D:2      | 586 ||| READING scroll labelled UREACU ICYANERGH.
   587 | D:2      | 587 ||| READING scroll labelled SUSEIL TER JOR.
   588 | D:2      | 588 ||| DROPPING scroll of poison.
   640 | D:2      | 640 ||| STAIRDANCE
   676 | D:1      | Reached XP level 3. HP: 29/29 MP: 3/3
  1069 | D:2      | Reached skill level 4 in Ranged Weapons
  1187 | D:2      | Reached skill level 1 in Armour
  1854 | D:2      | 1854 ||| DRINKING 2 sedimented coppery potions.
  1854 | D:2      | Gained mutation: You passively dampen the noise of your
                  | surroundings. [potion of mutation]
  1854 | D:2      | Gained mutation: You have supernaturally acute eyesight.
                  | (SInv) [potion of mutation]
  1854 | D:2      | Gained mutation: Your magical capacity is low. (-10% MP)
                  | [potion of mutation]
  1854 | D:2      | Gained mutation: Your mind is acute. (Int +4, Str/Dex -1)
                  | [potion of mutation]
  1883 | D:3      | Reached XP level 4. HP: 36/36 MP: 3/3
  2466 | D:3      | Reached skill level 5 in Ranged Weapons
  2823 | D:3      | 2823 ||| UPGRADING to scarf of resistance.
  2828 | D:3      | 2828 ||| READING 2 scrolls labelled ITTERCH NUAXIMN.
  2829 | D:3      | 2829 ||| DRINKING 2 bubbling orange potions.
  2830 | D:3      | 2830 ||| DRINKING 2 pink potions.
  2831 | D:3      | 2831 ||| DRINKING 2 brown potions.
  2832 | D:3      | 2832 ||| DRINKING potion of curing.
  2832 | D:3      | 2832 ||| (to cure confusion)
  2833 | D:3      | 2833 ||| DROPPING potion of ambrosia.
  2834 | D:3      | 2834 ||| DROPPING scroll of immolation.
  2868 | D:4      | 2868 ||| Stepping ~*~*~tactically~*~*~ (outnumbered).
  2874 | D:4      | HP: 7/37 [orc wizard/magic dart (5)]
  2875 | D:4      | 2875 ||| READING 3 scrolls of teleportation.
  2876 | D:4      | 2876 ||| DRINKING potion of heal wounds.
  3007 | D:4      | Found an opulent altar of Gozag.
  3032 | D:4      | Reached skill level 3 in Fighting
  3032 | D:4      | Reached XP level 5. HP: 45/45 MP: 4/4
  3410 | D:4      | Noticed an ogre
  3412 | D:4      | Reached skill level 6 in Ranged Weapons
  3416 | D:4      | HP: 2/45 [ogre/+0 giant club (13)]
  3417 | D:4      | 3417 ||| READING 2 scrolls of teleportation.
  3418 | D:4      | 3418 ||| DRINKING potion of heal wounds.
  3432 | D:4      | 3432 ||| FLEEEEING.
  3434 | D:4      | 3434 ||| FLEEEEING.
  3435 | D:4      | 3435 ||| STAIRDANCE
  3455 | D:3      | 3455 ||| READING scroll labelled FAUVIS YDOMO.
  3456 | D:3      | 3456 ||| READING scroll labelled KIDYOT MUOBUZI.
  3459 | D:4      | 3459 ||| STAIRDANCE
  3464 | D:3      | Killed an ogre
  3465 | D:3      | Reached XP level 6. HP: 24/53 MP: 5/5
  3499 | D:4      | Found a shadowy altar of Dithmenos.
  3636 | D:5      | Entered Level 5 of the Dungeon
  3776 | D:5      | HP: 1/41 [wight/+2 falchion (11)]
  3776 | D:5      | Slain by a wight

Levels and vault maps discovered:
D:1:      eino_arrival_cavern_e, layout_basic, serial_shops, nicolae_shop_trees
D:2:      layout_basic, nrook_uturn
D:3:      layout_loops_corners, minmay_increasing_density
D:4:      layout_loops_ring, mainiacjoe_overflow_small_starburst,
          mainiacjoe_overflow_surrounded_room
D:5:      layout_loops_corners, minmay_temple_entry_junction_2,
          ebering_ghost_disaster_area

Skill      XL: |  1  2  3  4  5 |
---------------+----------------+-----
Ranged Weapons | 3 4 5 6 |  6.4
Fighting       | 2 3 4 |  4.4
Armour         | 1 |  1.2
Dodging        | |  2.1
Spellcasting   | |  1.0
Hexes          | |  2.0

Action                     |  1- 3 |  4- 6 || total
---------------------------+-------+-------++-------
   Fire: Sling             |   149 |   224 ||   373
    Use: Scroll            |     4 |     5 ||     9
         Potion            |     1 |     6 ||     7
 Armour: Robe              |     7 |       ||     7
         Ring mail         |    20 |    35 ||    55
  Dodge: Dodged            |    49 |    67 ||   116

Table legend:
 A = Non-vault XP
 B = Vault XP
 C = Vault XP percentage of total XP
 D = Non-vault monster count
 E = Vault monster count
 F = Vault count percentage of total count
                 A         B        C        D         E       F
            +---------+---------+-------+---------+---------+-------
      Total |     557 |      19 |   3.3 |      96 |       8 |   7.7
            +---------+---------+-------+---------+---------+-------
        D:1 |      36 |       0 |   0.0 |      23 |       0 |   0.0
        D:2 |      57 |       0 |   0.0 |      19 |       0 |   0.0
        D:3 |     183 |      19 |   9.4 |      25 |       8 |  24.2
        D:4 |     233 |       0 |   0.0 |      23 |       0 |   0.0
        D:5 |      48 |       0 |   0.0 |       6 |       0 |   0.0
            +---------+---------+-------+---------+---------+-------
